Map: Ulrena

Players

Vundy

  • Race: Protoss Protoss
  • League: Gold

LilDicky - Winner!

  • Race: Terran Terran
  • League: Diamond

VOD

http://www.twitch.tv/tumescentpie

Description

Time

  • Played on: Dec. 10, 2015, 5:03 p.m.
  • Length: 5:13
Show
View Real Time Build Order
Export as new Build Order

Vundy Protoss 

Build Orders: Nexus First 

Get SALT Encoding   

  12  0:01  Probe (Chrono Boost)  
  13  0:12  Probe (Chrono Boost)  
  14  0:21  Pylon  
  14  0:25  Probe (Chrono Boost)  
  15  0:40  Probe (Chrono Boost)  
  16  1:00  Nexus  
  16  1:03  Probe (Chrono Boost)  
  17  1:11  Assimilator  
  17  1:13  Probe (Chrono Boost)  
  18  1:21  Pylon  
  18  1:24  Probe (Chrono Boost)  
  19  1:34  Probe (Chrono Boost)  
  19  1:35  Forge  
  20  1:45  Probe (Chrono Boost)  
  21  1:49  Gateway  
  21  1:53  Assimilator  
  21  1:55  Probe (Chrono Boost)  
  22  2:05  Pylon  
  22  2:13  Photon Cannon  
  22  2:17  Probe (Chrono Boost)  
  22  2:18  Probe (Chrono Boost)  
  24  2:28  Probe x2 (Chrono Boost)  
  26  2:53  Cybernetics Core  
  26  2:56  Probe x2 (Chrono Boost)  
  28  3:01  Pylon  
  28  3:06  Probe (Chrono Boost), Photon Cannon  
  28  3:07  Probe (Chrono Boost)  
  30  3:17  Probe x2 (Chrono Boost)  
  32  3:23  Pylon  
  32  3:28  Probe x2 (Chrono Boost)  
  32  3:33  Stargate  
  34  3:34  Stargate  
  34  3:54  Stargate  
  34  3:59  Probe x2 (Chrono Boost)  
  36  4:03  Assimilator  
  36  4:06  Assimilator  
  36  4:09  Probe x2 (Chrono Boost)  
  38  4:20  Probe x2 (Chrono Boost)  
  40  4:30  Probe x2 (Chrono Boost)  
  42  4:50  Fleet Beacon  
Show
View Real Time Build Order
Export as new Build Order

LilDicky Terran - Winner!

Build Orders: Banshee Rush 

Get SALT Encoding   

  12  0:02  SCV  
  13  0:14  SCV  
  14  0:22  Supply Depot  
  14  0:26  SCV  
  15  0:44  SCV  
  15  0:45  Refinery  
  15  0:47  Barracks  
  16  0:56  SCV  
  18  1:12  SCV  
  18  1:27  SCV  
  19  1:35  Marine  
  19  1:38  Supply Depot  
  20  1:43  Refinery  
  20  1:44  Orbital Command  
  20  1:54  Marine  
  21  2:07  Factory  
  21  2:10  Supply Depot, SCV  
  22  2:15  Marine  
  22  2:22  SCV  
  24  2:34  SCV  
  24  2:36  Marine  
  26  2:39  Supply Depot  
  26  2:46  SCV  
  26  2:51  Factory Tech Lab, Starport  
  27  2:58  SCV  
  27  3:00  Starport  
  29  3:10  SCV  
  29  3:14  Bunker  
  29  3:19  Barracks Tech Lab  
  29  3:22  SCV  
  30  3:36  Cloaking Field  
  30  3:37  Banshee  
  33  3:46  Banshee  
  36  3:50  Engineering Bay  
  36  3:55  Supply Depot, SCV  
  36  3:58  Widow Mine  
  39  4:12  SCV  
  40  4:20  Banshee  
  43  4:24  SCV  
  43  4:28  Missile Turret  
  43  4:29  Banshee  
  47  4:36  SCV  
  48  4:45  Missile Turret, Marine  
  48  4:49  SCV  
Tags
 
Add a new tag
Caveats
  • Supply blocks, unpowered buildings, or Contaminate may cause inaccurate times.
  • Supply counts are checked every 10 seconds.